 Dungeon Crawl Stone Soup version 0.30-a0-743-gbfdf073431 (webtiles) character file.

Game seed: 14231875191071672610

165368 CrazyBamboolord the Marksdemonspawn (level 17, -8/149 HPs)
             Began as a Demonspawn Hunter on Feb 7, 2023.
             Was the Champion of Makhleb.
             Mangled by a nagaraja
             ... wielding a +0 halberd
              (37 damage)
             ... on level 4 of the Snake Pit on Feb 8, 2023.
             The game lasted 01:19:20 (29797 turns).

CrazyBamboolord the Marksdemonspawn (DsHu)         Turns: 29797, Time: 01:19:20

Health: -8/149     AC: 25    Str: 12    XL:     17   Next: 27%
Magic:  0/29       EV: 23    Int: 11    God:    Makhleb [******]
Gold:   410        SH:  0    Dex: 24    Spells: 16/16 levels left

rFire   + + .      SeeInvis .    T - +2 arbalest (freeze)
rCold   . . .      Faith    .    (shield currently unavailable)
rNeg    . . .      Spirit   +    r - +3 leather armour {rF+}
rPois   +          Reflect  .    Y - +1 helmet "Kiuveumo" {rPois rF+}
rElec   .          Harm     .    O - +2 cloak
rCorr   .          Rampage  .    t - +2 pair of gloves
Will    +....      NoTele   +    u - +2 pair of boots
Stlth   +++                      n - amulet of magic regeneration
HPRegen 0.44/turn                C - +4 ring of protection
MPRegen 0.82/turn                V - +5 ring of evasion

@: untranslocatable, constricted
A: hooves 1, demonic guardian 2, magic shield, magic regeneration, sharp scales
3
a: Renounce Religion, Minor Destruction, Lesser Servant of Makhleb, Major
Destruction, Greater Servant of Makhleb


You were on level 4 of the Snake Pit.
You worshipped Makhleb.
Makhleb was exalted by your worship.
You visited 5 branches of the dungeon, and saw 26 of its levels.
You also visited: Ice Cave.

You collected 2479 gold pieces.
You spent 2069 gold pieces at shops.

Inventory:

Hand Weapons
 c - a +3 shortbow of flaming
 l - a +1 longbow of freezing
 T - a +2 arbalest of freezing (weapon)
Missiles
 a - 4 throwing nets
Armour
 r - a +3 leather armour of fire resistance (worn)
 t - a +2 pair of gloves (worn)
 u - a +2 pair of boots (worn)
 O - a +2 cloak (worn)
 Q - +0 steam dragon scales
 Y - the +1 helmet "Kiuveumo" (worn) {rPois rF+}
   (You bought it in a shop on level 2 of the Snake Pit)

   rF:        It protects you from fire.
   rPois:     It protects you from poison.
Jewellery
 n - an amulet of magic regeneration (around neck)
 C - a +4 ring of protection (left hand)
 G - a ring of poison resistance
 H - a ring of protection from cold
 I - a ring of magical power
 U - a ring of flight
 V - a +5 ring of evasion (right hand)
 Z - a ring of wizardry
Wands
 o - a wand of iceblast (2)
 y - a wand of digging (3)
 z - a wand of flame (33)
 D - a wand of mindburst (40)
 E - a wand of paralysis (16)
 K - a wand of polymorph (4)
 S - a wand of light (5)
Scrolls
 b - 4 scrolls of immolation
 e - 4 scrolls of vulnerability
 f - 6 scrolls of magic mapping
 g - 12 scrolls of teleportation
 j - 2 scrolls of silence
 k - a scroll of torment
 m - 5 scrolls of poison
 q - 8 scrolls of fog
 s - a scroll of brand weapon
 A - 12 scrolls of identify
 B - 2 scrolls of amnesia
 L - a scroll of enchant armour
 W - 2 scrolls of fear
 X - 2 scrolls of blinking
Potions
 d - 4 potions of lignification
 i - 5 potions of flight
 p - 4 potions of degeneration
 v - a potion of cancellation
 w - 5 potions of mutation
 x - 3 potions of brilliance
 F - a potion of might
 J - 7 potions of curing
 M - 13 potions of ambrosia
 N - 5 potions of invisibility
 P - 4 potions of haste
 R - 2 potions of magic
Miscellaneous
 h - a phantom mirror


   Skills:
 * Level 17.9 Fighting
 + Level 18.7 Ranged Weapons
 + Level 4.6 Armour
 * Level 11.6 Dodging
 + Level 3.5 Stealth
 * Level 17.6 Invocations


You had 16 spell levels left.
You didn't know any spells.
Your spell library contained the following spells:

 Spells                   Type           Power      Damage    Failure   Level
 Apportation              Tloc           0%         N/A       41%         1
 Necrotise                Necr           0%         1d4       41%         1
 Sting                    Tmut/Pois      0%         1d3       41%         1
 Summon Small Mammal      Summ           0%         N/A       41%         1
 Blink                    Tloc           0%         N/A       56%         2
 Lesser Beckoning         Tloc           0%         N/A       56%         2
 Momentum Strike          Conj/Tloc      0%         3d8       56%         2
 Poisonous Vapours        Pois/Air       0%         N/A       56%         2
 Sublimation of Blood     Necr           0%         N/A       56%         2
 Wereblood                Tmut           0%         N/A       56%         2
 Portal Projectile        Hex/Tloc       0%         N/A       80%         3
 Tukima's Dance           Hex            0%         N/A       80%         3
 Animate Armour           Summ/Erth      0%         N/A       99%         4
 Animate Dead             Necr           0%         N/A       99%         4
 Leda's Liquefaction      Hex/Erth       0%         N/A       99%         4
 Manifold Assault         Tloc           0%         N/A       99%         4
 Olgreb's Toxic Radiance  Pois           0%         N/A       99%         4
 Blade Hands              Tmut           0%         N/A       100%        5
 Borgnjor's Vile Clutch   Necr/Erth      0%         N/A       100%        5
 Iskenderun's Battlesphe  Conj           0%         2d6       100%        5
 Lee's Rapid Deconstruct  Erth           0%         3d4*      100%        5
 Yara's Violent Unravell  Hex/Tmut       0%         3d3       100%        5
 Death Channel            Necr           0%         N/A       100%        6
 Dispersal                Tloc           0%         N/A       100%        6
 Iron Shot                Conj/Erth      0%         9d1       100%        6
 Statue Form              Tmut/Erth      0%         N/A       100%        6
 Enfeeble                 Hex            0%         N/A       100%        7
 Haunt                    Necr/Summ      0%         N/A       100%        7
 Ozocubu's Refrigeration  Ice            0%         4d7       100%        7
 Spellforged Servitor     Conj/Summ      0%         N/A       100%        7
 Summon Hydra             Summ           0%         N/A       100%        7
 Disjunction              Tloc           0%         N/A       100%        8
 Ignition                 Fire           0%         3d3       100%        8
 Infestation              Necr           0%         N/A       100%        8


Dungeon Overview and Level Annotations

Branches:
Dungeon (15/15)            Temple (1/1) D:7            Lair (5/5) D:11
 Shoals (0/4) Lair:2        Snake (4/4) Lair:3        Slime (1/5) Lair:4
    Orc (0/2) D:12         Vaults (0/5) D:14         Depths (0/4) D:15
  IceCv (visited)

Altars:
Ashenzari
Cheibriados
Dithmenos
Fedhas
Gozag
Hepliaklqana
Kikubaaqudgha
Makhleb
Nemelex Xobeh
Okawaru
Qazlal
Ru
Sif Muna
Trog
Uskayaw
Vehumet
Wu Jian
Xom
Yredelemnul

Shops:
D:1 [(   D:2 ((*?   D:7 :   D:8 *   Snake:2 ?*(*   Snake:3 *

Annotations:
D:12 2 transporters, exclusion: ice statue, chipmonk's ghost, journeyman MiBe
Lair:5 1 runed translucent door, Asuyniq's ghost, journeyman OpFE
Snake:1 1 runed translucent door, Arximoufas's ghost, journeyman TeCj


Innate Abilities, Weirdness & Mutations

You have large cloven feet.
A demonic guardian rushes to your aid.
When hurt, damage is shared between your health and your magic reserves.
You regenerate magic rapidly.
You are completely covered in razor-sharp scales. (AC +3, Slay +3)


Message History

You are too injured to fight recklessly!
A demon appears!
You feel very sick.
The naga warrior no longer looks unusually toxic.
The naga sharpshooter no longer looks unusually strong.
The nagaraja misses you. The nagaraja spits poison at you.
The splash of poison misses you. The nagaraja constricts you.
The naga warrior roars a battlecry!
The naga sharpshooter goes into a battle-frenzy!
The nagaraja spits poison at you. The splash of poison hits you. You resist.
* * * LOW HITPOINT WARNING * * *
The nagaraja completely misses you. The nagaraja closely misses you.
The nagaraja constricts you.
* * * LOW HITPOINT WARNING * * *
Your hellwing hits the nagaraja! Your hellwing hits the nagaraja.
Fire: T) +2 arbalest (freeze)
Press: ? - help, Shift-Dir - straight line, f - green death, p - nagaraja
Aim: a green death (summoned, friendly, 83% to hit)
The nagaraja's grasp on you weakens, but your attempt to escape fails.
You feel very sick.
The nagaraja no longer looks unusually strong. x2
The naga mage no longer looks unusually strong.
The naga warrior no longer looks unusually strong.
The nagaraja hits you from afar with a +0 halberd!!
* * * LOW HITPOINT WARNING * * *
The naga mage casts a spell.
The naga mage seems to speed up.
The nagaraja hits you but does no damage.
The nagaraja barely misses your hellwing.
The nagaraja constricts you.
* * * LOW HITPOINT WARNING * * *
Your green death hits the nagaraja but does no damage.
Your hellwing hits the nagaraja.
Your hellwing closely misses the nagaraja.
You feel better.
The nagaraja hits you but does no damage.
The nagaraja hits you from afar with a +0 halberd!!!
You die...

,,,,* #.........##...NN,,,##)..#
*,,,* #........##....N,,,,,#...##
*,,,* #.......##N...#**,,,,##...#
*,,,* #.[....##.N..#****,,,,#...#
*,,,*##.....###NSN#*,,,**,,,#...#
,,,*##.....###.NN#*,,,,,*,,,#...#
,,,##......# #.NN#,,,,,,*,,,#...#
,,##.......# #4N.#,,,,,,,,,##...#
,##........# #2.@##,,,,,,,,#...##
*#.........# #....#,,,,,,,##)..#
*.....#)...# ##...###,,,,##)..##
,....##....# #...).######....#
,...#*#....# ##....)..).....##
,.##* #....# ##...........####
#### #....# ######......###..#
#..####....####....########..#.#
..........)#......## ###..###


You could see 3 nagarajas, 3 naga warriors, a naga sharpshooter (strong), a
black mamba, 2 naga magi, a friendly green death (summoned) and a friendly
hellwing (summoned).

Vanquished Creatures
  3 nagarajas (Snake:4)
  An ettin (D:15)
  Snorg (D:14)
  An ice dragon (IceCv)
  3 salamander tyrants
  6 hydras
  A catoblepas (D:15)
  15 anacondas
  12 naga warriors
  9 boulder beetles
  A merfolk avatar (Lair:5)
  5 two-headed ogres
  4 centaur warriors
  10 death yaks
  7 tengu warriors
  8 naga sharpshooters
  6 shock serpents
  5 salamander mystics
  Amaemon (Lair:1)
  9 naga ritualists
  2 sea snakes (Lair:5)
  A swamp dragon (Lair:5)
  A deep elf pyromancer (D:13)
  A wizard (D:8)
  An orange crystal statue (D:11)
  3 harpies (Lair:5)
  A necromancer (D:15)
  14 mana vipers
  11 salamanders
  2 orc knights
  4 cyclopes
  23 ugly things
  A manticore (D:14)
  Maurice (D:10)
  14 naga magi
  A torpor snail (Lair:1)
  6 elephants
  2 ice statues (IceCv)
  34 black mambas
  5 gargoyles
  3 guardian serpents
  An orange demon (Lair:2)
  An unseen horror (D:10)
  9 cane toads
  Psyche (D:12)
  8 komodo dragons
  2 kobold demonologists (D:12)
  7 rime drakes
  4 yaktaurs (D:15)
  A tengu conjurer (D:15)
  5 trolls
  A queen bee (Lair:2)
  7 polar bears
  A meliai (D:8)
  3 hornets (Lair:5)
  A wind drake (Lair:5)
  14 blink frogs
  A centaur simulacrum (D:14)
  A wraith (D:13)
  10 slime creatures
  3 wyverns
  66 yaks
  Grum (D:8)
  4 basilisks
  6 steam dragons
  A death yak simulacrum (Lair:2)
  46 nagas
  9 vampire mosquitoes
  3 acid dragons
  Edmund (D:4)
  16 water moccasins
  12 orc warriors
  A sky beast (D:6)
  An ice beast (D:5)
  3 black bears
  10 wolves
  6 centaurs
  3 ogres
  2 phantoms (D:6)
  A kobold brigand (D:12)
  10 bullfrogs
  2 gnoll sergeants
  2 necrophages
  2 scorpions
  9 wights
  3 lindwurm simulacra (IceCv)
  29 killer bees
  3 howler monkeys
  2 electric eels
  2 lava snakes (D:11)
  7 komodo dragon simulacra (IceCv)
  5 jellies
  9 orc priests
  6 hounds
  5 iguanas
  3 gnoll boudas
  Terence (D:2)
  13 orc wizards
  A polar bear simulacrum (Lair:2)
  6 acid dragon simulacra (IceCv)
  23 gnolls
  10 adders
  2 white imps
  5 steam dragon simulacra (IceCv)
  2 worms (D:4)
  A dart slug (D:1)
  61 orcs
  7 endoplasms
  4 giant cockroaches
  4 goblins
  8 hobgoblins
  9 jackals
  4 quokkas
  13 ball pythons
  2 bats
  4 frilled lizards
  11 kobolds
  7 rats
  A spectral orc (D:7)
810 creatures vanquished.

Vanquished Creatures (collateral kills)
  Louise (D:15)
  An anaconda (Snake:2)
  A hydra (Lair:2)
  A centaur warrior (D:14)
  2 naga warriors (Snake:4)
  A naga ritualist (Snake:1)
  A deep troll (D:15)
  2 orc knights
  5 ugly things
  A guardian serpent (shapeshifter) (D:15)
  2 black mambas
  A cane toad (Lair:5)
  4 yaks
  Eustachio (D:4)
  A water moccasin (Lair:1)
  2 nagas
  An orc warrior (D:6)
  A wolf (Lair:4)
  2 centaurs (D:14)
  A gnoll sergeant (D:8)
  A killer bee (Lair:2)
  An orc priest (D:10)
  An orc wizard (D:8)
  A gnoll (D:8)
  An orc (D:15)
  A bat (D:2)
  A rat (D:3)
39 creatures vanquished.

Vanquished Creatures (others)
  A naga ritualist (Snake:1)
  A wizard (D:15)
  A wind drake (Lair:5)
  22 fungi
  53 plants
  6 withered plants (D:5)
84 creatures vanquished.

Grand Total: 933 creatures vanquished

Notes
Turn   | Place    | Note
-------+----------+-------------------------------------------
     0 | D:1      | CrazyBamboolord the Demonspawn Hunter began the quest for
                  | the Orb.
     0 | D:1      | Reached XP level 1. HP: 16/16 MP: 1/1
   234 | D:1      | Reached skill level 4 in Ranged Weapons
   239 | D:1      | Gained mutation: You regenerate magic rapidly. [demonic
                  | ancestry]
   239 | D:1      | Reached XP level 2. HP: 22/22 MP: 2/2
   456 | D:1      | Gained mutation: When hurt, damage is shared between your
                  | health and your magic reserves. [demonic ancestry]
   456 | D:1      | Reached XP level 3. HP: 27/27 MP: 3/3
   526 | D:1      | Found Feeguley's Weapon Boutique.
   533 | D:1      | Found Xuamm's Antique Armour Boutique.
   810 | D:2      | Noticed Terence
   854 | D:2      | Found Vausaemn's General Store.
   861 | D:2      | Bought a scroll of teleportation for 42 gold pieces
   997 | D:2      | Found Ewnah's Magic Scroll Shoppe.
  1012 | D:2      | Bought a scroll of teleportation for 33 gold pieces
  1081 | D:2      | Killed Terence
  1082 | D:2      | Gained mutation: A weak demonic guardian rushes to your
                  | aid. [demonic ancestry]
  1082 | D:2      | Reached XP level 4. HP: 17/34 MP: 1/4
  1258 | D:2      | Reached skill level 1 in Stealth
  1651 | D:2      | Found a shimmering blue altar of Sif Muna.
  1698 | D:2      | Found Voapn's Weapon Shoppe.
  1701 | D:2      | Found Qicuegici's Antique Weapon Emporium.
  2149 | D:3      | Reached skill level 5 in Ranged Weapons
  2170 | D:3      | Gained mutation: You are partially covered in razor-sharp
                  | scales. (AC +1, Slay +1) [demonic ancestry]
  2170 | D:3      | Reached XP level 5. HP: 36/39 MP: 3/5
  2225 | D:3      | Found a faded altar of an unknown god.
  2876 | D:1      | Bought a pair of gloves for 112 gold pieces
  3064 | D:4      | Gained mutation: A demonic guardian rushes to your aid.
                  | [demonic ancestry]
  3064 | D:4      | Reached XP level 6. HP: 38/46 MP: 4/6
  3110 | D:4      | Reached skill level 6 in Ranged Weapons
  3164 | D:4      | Noticed Eustachio
  3207 | D:4      | Killed Eustachio
  3231 | D:4      | Reached XP level 7. HP: 18/52 MP: 4/7
  3374 | D:4      | Found Zin's Purification Station.
  3386 | D:4      | Found a shimmering altar of Xom.
  3388 | D:4      | Found a shimmering altar of Xom.
  3390 | D:4      | Found a shimmering altar of Xom.
  3390 | D:4      | Found a shimmering altar of Xom.
  3505 | D:4      | Noticed Edmund
  3515 | D:4      | Killed Edmund
  3516 | D:4      | Reached skill level 7 in Ranged Weapons
  3516 | D:4      | Reached skill level 1 in Armour
  4096 | D:5      | Entered Level 5 of the Dungeon
  4187 | D:5      | Reached XP level 8. HP: 60/60 MP: 8/8
  4279 | D:5      | Reached skill level 8 in Ranged Weapons
  4799 | D:5      | Found a blossoming altar of Fedhas.
  4799 | D:5      | Found an ancient bone altar of Kikubaaqudgha.
  5042 | D:6      | Reached skill level 9 in Ranged Weapons
  5444 | D:6      | Reached skill level 5 in Fighting
  5458 | D:6      | Reached XP level 9. HP: 68/68 MP: 9/9
  5961 | D:2      | Bought a scroll of fog for 44 gold pieces
  5961 | D:2      | Bought a scroll of brand weapon for 104 gold pieces
  6103 | D:7      | Found a basalt altar of Yredelemnul.
  6131 | D:7      | Reached skill level 10 in Ranged Weapons
  6166 | D:7      | Found a staircase to the Ecumenical Temple.
  6185 | D:7      | Identified the +2 robe "Vytzykh" {rC+ MP+9 Str+3}
  6230 | Temple   | Entered the Ecumenical Temple
  6367 | Temple   | Became a worshipper of Makhleb the Destroyer
  6670 | D:4      | Bought a potion of curing for 90 gold pieces
  6962 | D:7      | Found Ulivioce's Book Shop.
  7321 | D:8      | Noticed a boulder beetle
  7327 | D:8      | Identified the +2 rapier "Yskeusm" {protect, Will+}
  7443 | D:8      | Found Coplymer's Overcharged Wands.
  7496 | D:8      | Reached skill level 11 in Ranged Weapons
  7504 | D:8      | Reached skill level 1 in Invocations
  8128 | D:9      | Reached XP level 10. HP: 68/76 MP: 9/11
  8267 | D:9      | Noticed a two-headed ogre
  8282 | D:9      | Killed a two-headed ogre
  8483 | D:9      | Reached * piety under Makhleb
  8559 | D:9      | Noticed a wizard
  8575 | D:8      | Reached skill level 12 in Ranged Weapons
  8575 | D:8      | Reached skill level 5 in Dodging
  8740 | D:8      | Killed a wizard
  9255 | D:10     | Entered Level 10 of the Dungeon
  9271 | D:10     | Gained mutation: You are mostly covered in razor-sharp
                  | scales. (AC +2, Slay +2) [demonic ancestry]
  9271 | D:10     | Reached XP level 11. HP: 84/84 MP: 14/14
  9367 | D:10     | Reached ** piety under Makhleb
  9381 | D:10     | Reached skill level 13 in Ranged Weapons
  9735 | D:10     | Noticed Maurice
  9767 | D:10     | Killed Maurice
  9790 | D:10     | Noticed a two-headed ogre
  9800 | D:10     | Killed a two-headed ogre
  9801 | D:10     | Reached skill level 5 in Invocations
 10078 | D:10     | Noticed a two-headed ogre
 10084 | D:10     | Killed a two-headed ogre
 10381 | D:10     | Found a runed translucent door.
 10391 | D:10     | Noticed an orc knight
 10408 | D:10     | Killed an orc knight
 10419 | D:10     | Noticed an orc knight
 10435 | D:10     | Killed an orc knight
 10623 | D:10     | Identified a scroll of acquirement
 10624 | D:10     | Acquired a manual of Invocations
 10754 | D:11     | Noticed a green ugly thing
 10763 | D:11     | Killed a green ugly thing
 10763 | D:11     | Reached *** piety under Makhleb
 10835 | D:11     | Reached skill level 14 in Ranged Weapons
 10868 | D:11     | Found a staircase to the Lair.
 10932 | D:11     | You fall into a shaft and drop 3 floors!
 11009 | D:14     | Noticed a purple ugly thing
 11009 | D:14     | Noticed a purple ugly thing
 11009 | D:14     | Noticed a purple ugly thing
 11010 | D:14     | Noticed a purple ugly thing
 11026 | D:14     | Killed a white ugly thing
 11033 | D:14     | Killed a white ugly thing
 11033 | D:14     | Killed a white ugly thing
 11059 | D:14     | Killed a white ugly thing
 11060 | D:14     | Reached XP level 12. HP: 13/94 MP: 4/18
 11333 | D:14     | Noticed a tengu warrior
 11360 | D:13     | Noticed a six-headed hydra
 11373 | D:13     | Killed a six-headed hydra
 11411 | D:13     | Noticed a boulder beetle
 11416 | D:13     | Identified the +6 lajatang of the King {flame, rC++}
 11432 | D:13     | Killed a boulder beetle
 11453 | D:13     | Noticed a centaur warrior
 11474 | D:13     | Killed a centaur warrior
 11992 | D:11     | Noticed a boulder beetle
 12385 | D:11     | Noticed a two-headed ogre
 12395 | D:11     | Killed a two-headed ogre
 12396 | D:11     | Reached skill level 10 in Invocations
 12836 | D:11     | Noticed a boulder beetle
 12896 | D:11     | Killed a boulder beetle
 13010 | Lair:1   | Entered Level 1 of the Lair of Beasts
 13134 | Lair:1   | Reached skill level 10 in Fighting
 13168 | Lair:1   | Noticed a boulder beetle
 13212 | Lair:1   | Killed a boulder beetle
 13326 | Lair:1   | Reached skill level 15 in Ranged Weapons
 13630 | Lair:1   | Noticed a boulder beetle
 13679 | Lair:1   | Killed a boulder beetle
 13901 | Lair:1   | Reached XP level 13. HP: 87/104 MP: 21/21
 13906 | Lair:1   | Reached **** piety under Makhleb
 14433 | Lair:2   | Found a frozen archway.
 14500 | Lair:2   | Noticed Amaemon
 14713 | Lair:1   | Killed Amaemon
 14785 | IceCv    | Entered an ice cave
 15826 | Lair:2   | Reached ***** piety under Makhleb
 16039 | Lair:2   | Reached skill level 16 in Ranged Weapons
 16445 | Lair:2   | Found a staircase to the Shoals.
 16690 | Lair:3   | Found a staircase to the Snake Pit.
 17890 | Lair:4   | Found a staircase to the Slime Pits.
 17938 | Lair:4   | Reached XP level 14. HP: 64/115 MP: 12/24
 18226 | Slime:1  | Entered Level 1 of the Pits of Slime
 18226 | Slime:1  | Noticed an azure jelly
 18248 | Lair:5   | Entered Level 5 of the Lair of Beasts
 18721 | Lair:5   | Reached ****** piety under Makhleb
 19173 | Lair:5   | Found a runed translucent door.
 19173 | Lair:5   | Identified the +7 spear of Armageddon {heavy, rN+++ Int+3}
 19182 | Lair:5   | Noticed Asuyniq's ghost (journeyman OpFE)
 19244 | Lair:5   | Identified the +8 trident of Xuudwo Ysko {heavy, rN+}
 19825 | D:12     | Reached skill level 17 in Ranged Weapons
 19845 | D:12     | Noticed chipmonk's ghost (journeyman MiBe)
 19847 | D:12     | Found a transporter.
 19880 | D:12     | Found a transporter.
 19968 | D:12     | Noticed Psyche
 19984 | D:12     | Killed Psyche
 20013 | D:12     | Found a staircase to the Orcish Mines.
 20099 | D:12     | Identified the +8 hand axe "Nangello" {pain, rC+ Dex+5}
 20484 | D:13     | Reached skill level 15 in Invocations
 20982 | D:14     | Found a gate to the Vaults.
 21045 | D:14     | Noticed Snorg
 21053 | D:14     | Killed Snorg
 21449 | D:14     | Gained mutation: You are completely covered in razor-sharp
                  | scales. (AC +3, Slay +3) [demonic ancestry]
 21449 | D:14     | Reached XP level 15. HP: 127/127 MP: 24/26
 22486 | D:8      | Noticed Grum
 22500 | D:8      | Killed Grum
 22502 | D:8      | Reached skill level 15 in Fighting
 22743 | D:15     | Entered Level 15 of the Dungeon
 23667 | D:15     | Found a staircase to the Depths.
 23814 | D:15     | Noticed Louise
 23840 | D:15     | Killed Louise
 23841 | D:15     | Reached skill level 10 in Dodging
 24304 | Snake:1  | Entered Level 1 of the Snake Pit
 24878 | Snake:1  | Found a runed translucent door.
 24880 | Snake:1  | Found a shimmering altar of Xom.
 24880 | Snake:1  | Noticed Arximoufas's ghost (journeyman TeCj)
 25672 | Snake:1  | Gained mutation: You have large cloven feet. [demonic
                  | ancestry]
 25672 | Snake:1  | Reached XP level 16. HP: 126/138 MP: 25/28
 25875 | Snake:1  | Reached skill level 18 in Ranged Weapons
 26609 | Snake:2  | Found Fapsuaf's Assorted Antiques.
 26612 | Snake:2  | Found Tioj's Antique Weapon Shop.
 26612 | Snake:2  | Found Deutuovvo's General Store.
 26643 | Snake:2  | Found Ahivveho's Magic Scroll Boutique.
 26645 | Snake:2  | Bought a scroll of blinking for 232 gold pieces
 26645 | Snake:2  | Bought a potion of curing for 93 gold pieces
 26645 | Snake:2  | Bought a scroll of blinking for 232 gold pieces
 26648 | Snake:2  | Bought the +1 helmet "Kiuveumo" {rPois rF+} for 554 gold
                  | pieces
 26659 | Snake:2  | Bought 2 scrolls of enchant armour for 300 gold pieces
 26662 | Snake:2  | Bought a scroll of blinking for 97 gold pieces
 26668 | Snake:2  | Bought a scroll of teleportation for 39 gold pieces
 26668 | Snake:2  | Bought a scroll of magic mapping for 97 gold pieces
 27959 | Snake:3  | Found Nyvimn's Neck Hole.
 27971 | Snake:3  | Found a blossoming altar of Fedhas.
 28508 | Snake:4  | Entered Level 4 of the Snake Pit
 28873 | Snake:4  | Reached XP level 17. HP: 148/148 MP: 29/29
 29495 | Snake:4  | Found an opulent altar of Gozag.
 29797 | Snake:4  | Mangled by a nagaraja

Illustrated notes

Levels and vault maps discovered:
D:1:      nzn_arrival_settlement, layout_basic, serial_shops, shop,
          nicolae_square_shop, moated_statue, minmay_octomino_j4
D:2:      layout_loops_corners, serial_shops, shop,
          nicolae_shop_advertising_works [nicolae_subvault_shop_adworks],
          nicolae_shop_statue_plus, shop, basic_altar,
          nicolae_concentric_dashed_squares_mild,
          amcnicky_mini_corridor_feature, st_stairs_11, uniq_terence
D:3:      cheibrodos_pilgrimage, layout_loops_ring,
          dreamdust_ecumenical_altar_statues
D:4:      layout_loops_ring, xom_redecorated, zin_purify,
          cheibrodos_sewer_entry_bend, hangedman_decor_slide_cut,
          minmay_misc_feat_ornament, uniq_edmund, uniq_eustachio
D:5:      layout_basic, grunt_temple_overflow_growth_and_decay
D:6:      layout_gridville, eino_small_chamber_without_monster,
          dreamdust_princess_bridge
D:7:      layout_basic, yredelemnul_forgotten_temple_becter,
          minmay_temple_entry_slanted, serial_shops, nicolae_shop_behind_doors,
          minmay_misc_feat_alley, minmay_crystal_water
D:8:      minmay_clustersquares, layout_loops_ring,
          nicolae_shop_overcharged_wands, uniq_grum
D:9:      layout_cave_pools, minmay_bent
D:10:     layout_basic, hex_intersection, lightli_church_of_beogh, uniq_maurice
D:11:     layout_stronghold, erik_lair_island, disabler_island
D:12:     layout_irregular_city, david_orc_4, nzn_ghost_randoct,
          evilmike_butchery, uniq_psyche
D:13:     layout_rooms
D:14:     layout_big_octagon, serial_co_window_serial, co_window_paths_a,
          co_window_paths_b, co_window_of_opportunity_a, co_window_corner_a,
          co_window_paths_a, co_window_unsneaky_path_a,
          co_window_of_opportunity_b, co_window_broadway_b,
          co_window_broadway_c, co_window_4corner_a, glass_columns_c,
          glass_columns_c, glass_columns_a, uniq_snorg
D:15:     hangedman_depths_entry_civil_slaughter, layout_long_grid,
          minmay_misc_feat_columns, uniq_louise
Temple:   minmay_temple_bridge_d
Lair:1:   layout_cave_pods, lemuel_fruit_fields, grunt_megastairs_2,
          serial_bayou_shore_b
Lair:2:   layout_roguey [special_room_bee], elwin_shoals_entry_rocks,
          portal_ice_cave_entry_ice_simulacra, uniq_amaemon
Lair:3:   layout_roguey, dummy_snake_entry, chequers_serial_rivers_micro_e,
          lemuel_fruit_tree
Lair:4:   layout_roguey, nicolae_slime_entry_field_trip, lemuel_fruit_fields
Lair:5:   gammafunk_lair_ancient_temple, layout_gridlike,
          ebering_ghost_funeral_grove, hibernation_bobbens
Snake:1:  layout_layer_cave, ebering_ghost_xom, nicolae_snake_magic_snake_eye
Snake:2:  layout_cave_shapes, grunt_megastairs_5, minmay_shoptagon
Snake:3:  layout_honeycomb, basic_altar, nicolae_shop_sticking_my_neck_out,
          grunt_megastairs_3
Snake:4:  grunt_snake_rune_spirals, layout_concentric_octagons, basic_altar
Slime:1:  layout_caves

Skill      XL: |  1  2  3  4  5  6  7  8  9 10 11 12 13 14 15 16 |
---------------+-------------------------------------------------+-----
Ranged Weapons | 4 5 6 7 9 11 12 14 15 16 17 18 | 18.7
Dodging        | 2 3 4 5 6 7 8 9 10 11 | 11.6
Stealth        | 1 2 3 |  3.5
Fighting       | 3 5 6 7 8 10 12 14 15 17 | 17.9
Armour         | 2 3 4 |  4.6
Invocations    | 1 4 8 11 13 15 16 17 | 17.6

Action                     |  1- 3 |  4- 6 |  7- 9 | 10-12 | 13-15 | 16-18 || total
---------------------------+-------+-------+-------+-------+-------+-------++-------
   Fire: Shortbow          |    85 |   208 |   382 |   836 |  1387 |       ||  2898
         Longbow           |       |       |       |       |   247 |       ||   247
         Arbalest          |       |       |       |       |   135 |   601 ||   736
 Invoke: Minor Destruction |       |       |       |    16 |       |       ||    16
         Lesser Servant of |       |       |       |     4 |       |       ||     4
         Greater Servant o |       |       |       |       |     1 |     1 ||     2
         Major Destruction |       |       |       |       |       |     1 ||     1
  Evoke: Phantom mirror    |       |       |       |       |     1 |       ||     1
    Use: Scroll            |     2 |     6 |     6 |    13 |     9 |     4 ||    40
         Potion            |       |       |     1 |    10 |     8 |     1 ||    20
 Armour: Leather armour    |    16 |    55 |    46 |   233 |   292 |   108 ||   750
         Steam dragon scal |       |       |       |       |   142 |       ||   142
  Dodge: Dodged            |    32 |   113 |    90 |   328 |   906 |   438 ||  1907

Table legend: (Time is in decaauts)
 A = Elapsed time spent in this place.
 B = Non-inter-level travel time spent in this place.
 C = Inter-level travel time spent in this place.
 D = Time resting spent in this place.
 E = Time spent auto-exploring this place.
 F = Levels seen in this place.
 G = Mean time per level.
                   A        B        C        D        E       F      G
               +--------+--------+--------+--------+--------+-----+--------+
         Total |  29452 |  26984 |   2468 |   3741 |  16998 |  27 | 1090.8 |
       Dungeon |  17174 |  15328 |   1846 |   2286 |   9426 |  15 | 1144.9 |
        Temple |    208 |    118 |     90 |     10 |     65 |   1 |  208.0 |
          Lair |   5784 |   5416 |    368 |    627 |   3589 |   5 | 1156.8 |
     Snake Pit |   5411 |   5249 |    162 |    419 |   3749 |   4 | 1352.8 |
    Slime Pits |      1 |      1 |      0 |      0 |      0 |   1 |    1.0 |
      Ice Cave |    870 |    870 |      0 |    398 |    168 |   1 |  870.0 |
               +--------+--------+--------+--------+--------+-----+--------+

Top non-repeatable levels by time:
    D:14: 2029 daAuts
 Snake:1: 1937 daAuts
  Lair:1: 1616 daAuts
     D:8: 1570 daAuts
    D:10: 1515 daAuts
 Snake:3: 1504 daAuts
     D:2: 1418 daAuts
    D:11: 1366 daAuts
  Lair:5: 1314 daAuts
     D:4: 1258 daAuts
    D:15: 1128 daAuts
  Lair:2: 1077 daAuts
  Lair:4: 1074 daAuts
 Snake:4: 1066 daAuts
    D:12: 990 daAuts
